 Dungeon Crawl Stone Soup version 0.25-a0-280-gfa4545f159 (webtiles) character file.

Game seed: 10693640506932458751, levelgen mode: deterministic

1752360 hittemvvvvvvvvvvhard the Wrestler (level 25, 256/256 HPs)
             Began as a Troll Fire Elementalist on Dec 5, 2019.
             Was the Champion of Yredelemnul.
             Escaped with the Orb
             ... and 3 runes on Dec 10, 2019!
             The game lasted 03:48:36 (60967 turns).

hittemvvvvvvvvvvhard the Wrestler (TrFE)           Turns: 60967, Time: 03:48:36

Health: 256/256    AC: 36    Str: 28    XL:     25   Next: 60%
Magic:  31/31      EV: 15    Int:  8    God:    Yredelemnul [******]
Gold:   164        SH: 25    Dex: 21    Spells: 25/26 levels left

rFire    + . .     SeeInvis +     - Unarmed
rCold    + . .     Gourm    +   A - +3 large shield "Efroijea" {rN+ rCorr Str-3 Dex+2}
rNeg     + + +     Faith    +   E - +6 shadow dragon scales of Tettaf {MR- rCorr Dex+9 SInv Stlth++++}
rPois    +         Spirit   .   n - -2 hat of the Alchemist {rElec rPois rF+ rC+ rN+ MR+ rMut rCorr}
rElec    +         Reflect  .   m - +2 cloak {MR+} {MR+}
rCorr    +         Harm     .   (gloves unavailable)
rMut     +                      (boots unavailable)
MR       +++..                  j - amulet of faith {Faith, !P}
Stlth    +.........             P - ring of Robustness {AC+8}
HPRegen  0.92/turn              v - ring "Semeassoa" {rN++ MR+ Int-3 SInv Stlth-}
MPRegen  0.22/turn

@: no status effects
A: large, unfitting armour, claws 3, fast metabolism 3, gourmand, regeneration
1, shaggy fur 1, tough skin 3
0: Orb of Zot
}: 3/15 runes: serpentine, barnacled, silver
a: Recall Undead Slaves, Injury Mirror, Animate Dead, Drain Life, Enslave Soul,
Renounce Religion


You escaped.
You worshipped Yredelemnul.
Yredelemnul was exalted by your worship.
You were not hungry.

You visited 10 branches of the dungeon, and saw 52 of its levels.
You visited the Abyss 1 time.
You also visited: Ossuary, Gauntlet and Ice Cave.

You collected 8422 gold pieces.
You spent 8258 gold pieces at shops.

Inventory:

Missiles
 H - 6 throwing nets {=f}
 J - 113 large rocks (quivered) {!d}
 O - 7 boomerangs of dispersal {=f}
Armour
 m - a +2 cloak of magic resistance (worn) {MR+}
 n - the -2 hat of the Alchemist (worn) {rElec rPois rF+ rC+ rN+ MR+ rMut rCorr}
   (You acquired it on level 4 of the Depths)

   It protects you from fire.
   It protects you from cold.
   It insulates you from electricity.
   It protects you from poison.
   It protects you from negative energy.
   It affects your resistance to hostile enchantments.
   It provides partial protection from all sources of acid and corrosion.
   It protects you from mutation.
 A - the +3 large shield "Efroijea" (worn) {rN+ rCorr Str-3 Dex+2}
   (You took it off a deep elf death mage on level 3 of the Elven Halls)

   It affects your strength (-3).
   It affects your dexterity (+2).
   It protects you from negative energy.
   It provides partial protection from all sources of acid and corrosion.
 E - the +6 shadow dragon scales of Tettaf (worn) {MR- rCorr Dex+9 SInv Stlth++++}
   (You bought it in a shop on level 2 of the Elven Halls)

   It affects your dexterity (+9).
   It affects your resistance to hostile enchantments.
   It lets you see invisible.
   It provides partial protection from all sources of acid and corrosion.
   It makes you much more stealthy.
Jewellery
 j - an amulet of faith (around neck) {Faith, !P}
 v - the ring "Semeassoa" (right claw) {rN++ MR+ Int-3 SInv Stlth-}
   (You found it in a Gauntlet)

   [ring of attention]

   It affects your intelligence (-3).
   It greatly protects you from negative energy.
   It affects your resistance to hostile enchantments.
   It lets you see invisible.
   It makes you less stealthy.
 F - an uncursed ring of protection from fire
 I - the ring "Seocul" {rPois rC+ Int+8 SInv Stlth-}
   (You took it off a deep elf archer on level 3 of the Elven Halls)

   [ring of see invisible]

   It affects your intelligence (+8).
   It protects you from cold.
   It protects you from poison.
   It lets you see invisible.
   It makes you less stealthy.
 M - the ring "Isoshreif" {rElec MR+ Str+6 Int-2}
   (You found it on level 5 of the Vaults)

   [ring of protection from magic]

   It affects your strength (+6).
   It affects your intelligence (-2).
   It insulates you from electricity.
   It affects your resistance to hostile enchantments.
 P - the ring of Robustness (left claw) {AC+8}
   (You took it off a vampire knight on level 3 of the Crypt)

   [ring of protection]

   It affects your AC (+8).
Wands
 d - a wand of disintegration (94)
 o - a wand of paralysis (19)
 D - a wand of digging (8)
 G - a wand of iceblast (78)
 T - a wand of clouds (23)
 V - a wand of enslavement (13)
 Z - a wand of scattershot (4)
Scrolls
 a - 4 scrolls of vulnerability {!r!r}
 b - 28 scrolls of remove curse
 f - 5 scrolls of fog
 i - 12 scrolls of identify
 r - 2 scrolls of magic mapping {!r}
 t - 17 scrolls of teleportation
 B - 7 scrolls of blinking {!r}
 N - 7 scrolls of fear
Potions
 c - 18 potions of curing
 h - 8 potions of berserk rage {!q}
 k - 5 potions of invisibility
 l - 3 potions of cancellation
 p - 8 potions of flight
 q - 12 potions of lignification {!q}
 x - 11 potions of mutation {!q}
 z - 6 potions of ambrosia
 C - 8 potions of might
 K - 4 potions of agility
 Q - a potion of magic
 R - 3 potions of haste
 W - 4 potions of resistance
 Y - 4 potions of heal wounds
Miscellaneous
 s - 3 phantom mirrors
 u - a lightning rod (4/4)
 w - a box of beasts
 y - a fan of gales
 S - a lamp of fire
 U - a phial of floods
 X - 3 sacks of spiders
Comestibles
 e - 26 rations


   Skills:
 + Level 16.0 Fighting
 - Level 12.0 Throwing
 + Level 15.0 Armour
 - Level 12.0 Dodging
 - Level 1.0 Stealth
 - Level 15.0 Shields
 - Level 21.0 Unarmed Combat
 - Level 1.2 Spellcasting
 - Level 0.6 Conjurations
 - Level 2.1 Fire Magic
 - Level 13.0 Invocations
 - Level 13.0 Evocations


You had 25 spell levels left.
You knew the following spells:

 Your Spells              Type           Power        Failure   Level  Hunger
a - Foxfire               Conj/Fire      #...         58%         1    ##.....

Your spell library contained the following spells:

 Spells                   Type           Power        Failure   Level  Hunger
 Magic Dart               Conj           #...         71%         1    ##.....
 Shock                    Conj/Air       #...         75%         1    ##.....
 Animate Skeleton         Necr           N/A          80%         1    ##.....
 Apportation              Tloc           #.....       80%         1    ##.....
 Beastly Appendage        Tmut           #.....       80%         1    ##.....
 Confusing Touch          Hex            #.....       80%         1    ##.....
 Corona                   Hex            #......      80%         1    ##.....
 Infusion                 Chrm           #...         80%         1    ##.....
 Pain                     Necr           #...         80%         1    ##.....
 Sandblast                Erth           #.....       80%         1    ##.....
 Sting                    Tmut/Pois      #...         80%         1    ##.....
 Summon Butterflies       Summ           #.......     80%         1    ##.....
 Summon Small Mammal      Summ           #...         80%         1    ##.....
 Searing Ray              Conj           #.....       85%         2    ###....
 Blink                    Tloc           N/A          90%         2    ###....
 Call Imp                 Summ           #.......     90%         2    ###....
 Ensorcelled Hibernation  Hex/Ice        #.....       90%         2    ###....
 Passwall                 Tmut/Erth      #.......     90%         2    ###....
 Poisonous Vapours        Pois/Air       #.....       90%         2    ###....
 Shroud of Golubria       Chrm/Tloc      #.....       90%         2    ###....
 Slow                     Hex            #.......     90%         2    ###....
 Song of Slaying          Chrm           #.......     90%         2    ###....
 Sticks to Snakes         Tmut           #.......     90%         2    ###....
 Sublimation of Blood     Necr           #.........   90%         2    ###....
 Swiftness                Chrm/Air       #.......     90%         2    ###....
 Conjure Flame            Conj/Fire      #.......     92%         3    ####...
 Inner Flame              Hex/Fire       #.......     95%         3    ####...
 Ignite Poison            Fire/Tmut/Pois #.......     96%         3    ####...
 Dazzling Flash           Conj/Hex       #.....       98%         3    ####...
 Mephitic Cloud           Conj/Pois/Air  #.......     98%         3    ####...
 Static Discharge         Conj/Air       #.......     98%         3    ####...
 Stone Arrow              Conj/Erth      #.....       98%         3    ####...
 Call Canine Familiar     Summ           #.......     99%         3    ####...
 Confuse                  Hex            #.......     99%         3    ####...
 Gell's Gravitas          Tloc           #.........   99%         3    ####...
 Lesser Beckoning         Tloc           #.........   99%         3    ####...
 Portal Projectile        Hex/Tloc       #.....       99%         3    ####...
 Regeneration             Chrm/Necr      #.........   99%         3    ####...
 Spectral Weapon          Hex/Chrm       #.......     99%         3    ####...
 Spider Form              Tmut/Pois      #.........   99%         3    ####...
 Summon Guardian Golem    Hex/Summ       #.......     99%         3    ####...
 Tukima's Dance           Hex            #.......     99%         3    ####...
 Vampiric Draining        Necr           #.........   99%         3    ####...
 Airstrike                Air            #.........   100%        4    #####..
 Animate Dead             Necr           N/A          100%        4    #####..
 Cause Fear               Hex            #.........   100%        4    #####..
 Fulminant Prism          Conj/Hex       #.........   100%        4    #####..
 Ice Form                 Ice/Tmut       #.......     100%        4    #####..
 Iskenderun's Mystic Bla  Conj/Tloc      #.......     100%        4    #####..
 Leda's Liquefaction      Hex/Erth       #.........   100%        4    #####..
 Olgreb's Toxic Radiance  Pois           #.......     100%        4    #####..
 Petrify                  Tmut/Erth      #.......     100%        4    #####..
 Sticky Flame             Conj/Fire      #.......     100%        4    #####..
 Summon Ice Beast         Ice/Summ       #.......     100%        4    #####..
 Summon Lightning Spire   Summ/Air       #.......     100%        4    #####..
 Alistair's Intoxication  Tmut/Pois      #.......     100%        5    ######.
 Blade Hands              Tmut           #.........   100%        5    ######.
 Bolt of Magma            Conj/Fire/Erth #.........   100%        5    ######.
 Fireball                 Conj/Fire      #.........   100%        5    ######.
 Irradiate                Conj/Tmut      #.........   100%        5    ######.
 Lee's Rapid Deconstruct  Erth           #.........   100%        5    ######.
 Lightning Bolt           Conj/Air       #.........   100%        5    ######.
 Metabolic Englaciation   Hex/Ice        #.........   100%        5    ######.
 Silence                  Hex/Air        #.........   100%        5    ######.
 Yara's Violent Unravell  Hex/Tmut       #.........   100%        5    ######.
 Death Channel            Necr           #.........   100%        6    #######
 Deflect Missiles         Chrm/Air       #.........   100%        6    #######
 Dispersal                Tloc           #.........   100%        6    #######
 Eringya's Noxious Bog    Tmut/Pois      #.........   100%        6    #######
 Freezing Cloud           Conj/Ice/Air   #.........   100%        6    #######
 Invisibility             Hex            #.......     100%        6    #######
 Ozocubu's Refrigeration  Ice            #.........   100%        6    #######
 Simulacrum               Ice/Necr       #.........   100%        6    #######
 Statue Form              Tmut/Erth      #........    100%        6    #######
 Malign Gateway           Summ/Tloc      #.........   100%        7    #######
 Spellforged Servitor     Conj/Summ      #.........   100%        7    #######
 Chain Lightning          Conj/Air       #.........   100%        8    #######
 Controlled Blink         Tloc           N/A          100%        8    #######
 Discord                  Hex            #.........   100%        8    #######
 Disjunction              Tloc           #.........   100%        8    #######
 Ignition                 Fire           #.........   100%        8    #######
 Lehudib's Crystal Spear  Conj/Erth      #.........   100%        8    #######
 Fire Storm               Conj/Fire      #.........   100%        9    #######
 Glaciate                 Conj/Ice       #.........   100%        9    #######
 Shatter                  Erth           #.........   100%        9    #######
 Tornado                  Air            #.........   100%        9    #######


Dungeon Overview and Level Annotations

Branches:
Dungeon (15/15)            Temple (0/1) D:4            Lair (6/6) D:10
 Shoals (4/4) Lair:2        Snake (4/4) Lair:3        Slime (0/5) Lair:5
    Orc (2/2) D:10            Elf (3/3) Orc:2        Vaults (5/5) D:14
  Crypt (3/3) Vaults:3       Tomb (0/3) Crypt:3      Depths (5/5) D:15
    Zot (5/5) Depths:5    Ossuary (visited)           IceCv (visited)
Gauntlet (visited)

Altars:
Ashenzari
Cheibriados
Dithmenos
Elyvilon
Fedhas
Gozag
Hepliaklqana
Kikubaaqudgha
Ru
Sif Muna
Trog
Uskayaw
Vehumet
Wu Jian
Xom
Yredelemnul
Zin
Beogh
Jiyva

Shops:
D:4 =   D:9 *   Orc:1 !}   Orc:2 **:}*}   Elf:2 [   Snake:3 [   Vaults:1 ?%((
Vaults:3 [   Depths:5 ?

Portals:
Hell: Depths:1 Depths:2 Depths:3 Depths:4 Depths:5
Abyss: Depths:1 Depths:3 Depths:4 Depths:5
Pandemonium: Depths:3
Ziggurat: Depths:1

Annotations:
Lair:2 exclusions: downstairs and oklob plant
Lair:3 exclusion: downstairs
Zot:4 exclusion: 4 doors
Zot:5 3 exclusions


Innate Abilities, Weirdness & Mutations

You are too large for most types of armour.
You have claws for hands.
Your metabolism is lightning-fast.
You like to eat raw meat.
Your natural rate of healing is unusually fast.
You are covered in fur. (AC +1)
You have extremely tough skin. (AC +3)


Message History

Where to? (Enter - D:5 @ (x,y), ? - help)
What level of the Dungeon? (default 1, ? - help)
A Brimstone Fiend comes into view.
There is an escape hatch in the ceiling here.
A mysterious force pulls you upwards. The hatch slams shut behind you.
(D) Dungeon (T) Temple (L) Lair (A) Shoals (P) Snake Pit (M) Slime Pits (O) Orcish Mines (E) Elven Halls (V) Vaults (C) Crypt (W) Tomb (U) Depths (H) Hell (Z) Zot
Where to? (Enter - D:1 @ (x,y), ? - help)
There is a stone staircase leading up here.
You climb upwards.
There is a stone staircase leading down here.
There is a stone staircase leading up here.
You climb upwards.
There is a stone staircase leading down here.
There is an open door here.
There is an open door here.
There is a staircase leading out of the dungeon here.
You have escaped!

#.........#..######.####.#.#
#####...#####.#..# ##.# #.#.#
........##############..# #.#.##
............#.......##.## #.....
....#...###.'.>.>.>.'..#####...#.
....#...# ###.......#............
....#.(.##############.####......
....#.......#.......#..# #......
............+...@...'.## #.#..#.
..###########.......### #....#.
..#### ######### #...... .....#
#...... ..##.# #.....# ...#.#
#...... ...#.# ##.#..# .....#
#.#..# .#.### #.#..#


There were no monsters in sight!

Levels and vault maps discovered:
D:1:      minmay_arrival_up_and_down, layout_loops_ring
D:2:      layout_loops_ring, grunt_temple_overflow_growth_and_decay,
          yredelemnul_forgotten_temple_becter, nicolae_dithmenos_shadow_blocks,
          uniq_jessica
D:3:      cheibrodos_old_hovel, layout_basic, chequers_ecumenical_altar_simple
D:4:      layout_basic, gammafunk_temple_overflow_pools,
          minmay_temple_entry_junction_2, serial_glass, glass_columns_a,
          glass_columns_b, glass_columns_a, glass_columns_a, glass_columns_b,
          glass_columns_a, glass_columns_c, glass_columns_c, glass_columns_a,
          glass_columns_c, glass_columns_b, glass_columns_a, glass_columns_b,
          glass_columns_b, due_unseen_surprise, item_on_display_a, serial_shops,
          nicolae_shop_trees
D:5:      layout_basic, tgw_sif, first_ration, nicolae_ossuary_entry_catacombs
D:6:      old_forge, layout_basic, dancing_weapons_uskayaw,
          lemuel_coloured_pillars_altar,
          chequers_temple_overflow_statue_of_worship,
          gammafunk_ghost_nasty_kobolds, basic_altar, serial_bayou_ford_a
D:7:      layout_cave_pods, uniq_harold, uniq_joseph
D:8:      layout_basic, david_nohive_1, grunt_decor_fettered
D:9:      layout_roguey, kennysheep_mini_moat, serial_shops, shop
D:10:     layout_rooms, erik_lair_orcish_takeover, orc_0_dummy,
          evilmike_ruin_ashenzari, uniq_erolcha
D:11:     gammafunk_sealed_arena, layout_stronghold, kennysheep_path_1
D:12:     lemuel_upstairs_altar, layout_irregular_city,
          chequers_serial_rivers_micro_e, uniq_snorg, uniq_josephine,
          uniq_nergalle, uniq_sonja
D:13:     layout_loops_ring, minmay_misc_feat_pillars, evilmike_butchery
D:14:     layout_cave_pools, hangedman_vaults_entry_quadrant_bands,
          grunt_decor_mini_mirrors
D:15:     gammafunk_depths_entry_grave, layout_basic, serial_park_square3
          [serial_park_minivault_5x5_7], library_closet, uniq_nessos
Lair:1:   layout_misc_corridors, infiniplex_staircase_pool
Lair:2:   layout_loops_ring, elwin_shoals_entry_rocks, minmay_lair_oklob_chamber
Lair:3:   layout_roguey, minmay_snake_entry_six_corridors,
          gauntlet_entry_generic, small_statue_intersection
Lair:4:   layout_long_grid, uniq_urug
Lair:5:   layout_regular_city, slime_altar_1
Lair:6:   minmay_lair_end_enchanted_forest, layout_loops_ring
Shoals:1: layout_shoals
Shoals:2: layout_shoals, serial_shops, shop, lemuel_oklob_altar
Shoals:3: layout_shoals
Shoals:4: shoals_end_grunt_garden, layout_shoals
Snake:1:  layout_rooms, grunt_megastairs_2
Snake:2:  layout_onion_interference, portal_ice_cave_entry_pillars_four,
          hangedman_snake_thin_pillar_pass, grunt_ministairs_7
Snake:3:  layout_cave_town, serial_shops, nicolae_shop_statue_plus,
          hangedman_snake_corridor_split
Snake:4:  minmay_snake_end_coiled, layout_cave_town, drop_trap,
          serial_bayou_pond_d
Orc:1:    layout_caves, basic_altar, serial_shops, nicolae_shop_waterfront
Orc:2:    st_orc_ogre_mass, layout_caves, basic_altar, serial_shops, shop, shop,
          trog_book
Elf:1:    minmay_elf_arrival_plus, layout_onion_city, minmay_elf_necromancy,
          small_chamber_with_monster
Elf:2:    layout_geoelf_grid, serial_shops, shop, roderic_lattice_octagonal_star
Elf:3:    grunt_elf_hall_asides, layout_loops_cross
Vaults:1: v_misc_33, grunt_vaults_hallway_long, st_smaller_cells,
          ontoclasm_vaults_twist, nicolae_vaults_circle_grid_b,
          ontoclasm_vaults_loading_screen, nicolae_vaults_network_s, v_misc_18,
          v_alt_pattern_6, nicolae_vaults_shelves_hall, v_misc_3,
          hangedman_vaults_cutoff, layout_vaults_big_room, serial_shops, shop,
          shop, shop, shop, uniq_nikola
Vaults:2: v_misc_28, nicolae_vaults_mini_display_case,
          nicolae_vaults_little_squares_1, nicolae_vaults_rhombus_6,
          hangedman_vaults_nodes, hangedman_vaults_corner, v_misc_17, v_misc_16,
          v_pattern_5, hangedman_vaults_stitches, v_misc_13,
          ontoclasm_vaults_fault, layout_vaults_maze, basic_altar,
          uniq_saint_roka
Vaults:3: hangedman_vaults_cutoff, v_misc_1, ontoclasm_vaults_tryst,
          nicolae_vaults_little_squares_6, nicolae_vaults_alarming, v_misc_5,
          ontoclasm_vaults_decontamination, v_pattern_2,
          nicolae_vaults_circle_grid_b, nicolae_vaults_gold_heap,
          nicolae_vaults_specimen_jars, layout_vaults_omnigrid, serial_shops,
          nicolae_shop_behind_doors
Vaults:4: ontoclasm_vaults_bender, nicolae_vaults_big_angled_halls, v_misc_31,
          v_rooms_6, v_misc_28, hangedman_vaults_stagger,
          dpeg_vaults_monster_row, v_rooms_6, ontoclasm_vaults_shuriken,
          ontoclasm_vaults_loading_screen, grunt_vaults_diagonal,
          layout_vaults_big_cross
Vaults:5
Crypt:1:  layout_basic, minivault_5
Crypt:2:  layout_basic
Crypt:3:  grunt_crypt_end_deaths_head, uniq_sojobo
Depths:1: layout_big_octagon, enter_ziggurat_f, abyss_entry,
          minmay_misc_feat_rugged, hangedman_coc_ice_floe, lemuel_flamethrower_2
Depths:2: minmay_the_grid_3x2 [minmay_the_grid_stretched_grid,
          minmay_the_grid_spikes, minmay_the_grid_x, minmay_the_grid_paths,
          minmay_the_grid_fan, minmay_the_grid_prize_big_room],
          layout_twisted_cross, hell_entry, hangedman_decor_lopped,
          infiniplex_staircase_pillars_1, serial_bayou_shore_b,
          serial_bayou_shore_a
Depths:3: minmay_spriggan_fort, layout_basic, pf_hell_entry_tar_river,
          minmay_parallelograms, grunt_pan_entry_spiral, abyss_entry,
          infiniplex_staircase_pool_2, uniq_margery, uniq_asterion
Depths:4: hangedman_cross_cluster, layout_gridlike, kennysheep_big_empty_room,
          abyss_entry, grunt_hell_entry_dis_mu, uniq_boris, uniq_jory
Depths:5: grunt_zot_entry_hairpin, layout_basic, skrybe_limestone_x,
          special_room [special_room_mythical_zoo], serial_shops,
          nicolae_shop_behind_doors, minmay_room_of_horrors, hell_entry,
          minmay_misc_feat_rows, minmay_microvault
Zot:1:    layout_cathedral_of_symmetry, grunt_megastairs_1
Zot:2:    layout_basic, bh_zot_lava_cross, grunt_megastairs_4
Zot:3:    layout_basic, chequers_guarded_unrand_mask_of_the_dragon
Zot:4:    layout_gridlike
Zot:5:    layout_misc_corridors

Notes
Turn   | Place    | Note
-------+----------+-------------------------------------------
     0 | D:1      | hittemvvvvvvvvvvhard the Troll Fire Elementalist began the
                  | quest for the Orb.
     0 | D:1      | Reached XP level 1. HP: 16/16 MP: 1/1
   213 | D:1      | Reached skill level 1 in Unarmed Combat
   263 | D:1      | Reached XP level 2. HP: 26/26 MP: 2/2
   291 | D:1      | Reached skill level 1 in Fighting
   572 | D:2      | Reached XP level 3. HP: 33/33 MP: 3/3
   689 | D:2      | Reached skill level 2 in Unarmed Combat
   714 | D:2      | Found a shadowy altar of Dithmenos.
   845 | D:2      | Reached skill level 2 in Fighting
   994 | D:2      | Found a blossoming altar of Fedhas.
   996 | D:2      | Found an ancient bone altar of Kikubaaqudgha.
  1145 | D:2      | Reached XP level 4. HP: 42/42 MP: 4/4
  1153 | D:2      | Noticed Jessica
  1159 | D:2      | Killed Jessica
  1159 | D:2      | Reached skill level 3 in Unarmed Combat
  1227 | D:2      | Found a basalt altar of Yredelemnul.
  1236 | D:2      | Became a worshipper of Yredelemnul the Dark
  1411 | D:3      | Found a faded altar of an unknown god.
  1800 | D:4      | Reached skill level 4 in Unarmed Combat
  1800 | D:4      | Reached XP level 5. HP: 33/49 MP: 5/5
  1965 | D:4      | Found Zehaic's Jewellery Emporium.
  1993 | D:4      | Got a fine dagger
  2119 | D:4      | Found a staircase to the Ecumenical Temple.
  2341 | D:4      | Found a snail-covered altar of Cheibriados.
  2341 | D:4      | Found an ornate altar of the Wu Jian Council.
  2476 | D:5      | Entered Level 5 of the Dungeon
  2484 | D:5      | Reached * piety under Yredelemnul
  2693 | D:5      | Noticed an ice beast
  2712 | D:5      | Killed an ice beast
  2712 | D:5      | Reached skill level 5 in Unarmed Combat
  2712 | D:5      | Reached skill level 1 in Invocations
  2712 | D:5      | Reached XP level 6. HP: 47/57 MP: 6/6
  2727 | D:5      | Reached skill level 2 in Invocations
  2767 | D:5      | Found a shimmering blue altar of Sif Muna.
  2913 | D:5      | Reached skill level 3 in Invocations
  2923 | D:5      | Reached XP level 7. HP: 51/65 MP: 8/8
  2930 | D:5      | Found a sand-covered staircase.
  2935 | Ossuary  | Entered an ossuary
  2982 | Ossuary  | Reached ** piety under Yredelemnul
  3127 | Ossuary  | Reached skill level 6 in Unarmed Combat
  3127 | Ossuary  | Reached skill level 4 in Invocations
  3185 | Ossuary  | Reached *** piety under Yredelemnul
  3321 | D:5      | Reached skill level 7 in Unarmed Combat
  3424 | D:5      | Reached XP level 8. HP: 72/72 MP: 10/10
  3957 | D:6      | Reached skill level 8 in Unarmed Combat
  3965 | D:6      | Found a hide-covered altar of Uskayaw.
  3966 | D:6      | Noticed a +0 hand axe
  3966 | D:6      | Noticed a +0 dagger
  4313 | D:6      | Found a white marble altar of Elyvilon.
  4366 | D:6      | Found a shimmering altar of Xom.
  4367 | D:6      | Found a radiant altar of Vehumet.
  4368 | D:6      | Found an opulent altar of Gozag.
  4509 | D:6      | Found a runed translucent gate.
  4509 | D:6      | Found a runed translucent gate.
  4510 | D:6      | Found a runed translucent gate.
  4510 | D:6      | Noticed DEFE's ghost (novice DsWn)
  4577 | D:6      | Reached skill level 3 in Fighting
  4604 | D:6      | Reached **** piety under Yredelemnul
  4621 | D:6      | Received a gift from Yredelemnul (4 flying skulls)
  4752 | D:7      | Noticed Joseph
  4765 | D:7      | Killed Joseph
  4889 | D:6      | Reached skill level 9 in Unarmed Combat
  4889 | D:6      | Reached skill level 5 in Invocations
  4975 | D:6      | Found a hazy altar of Hepliaklqana.
  5107 | D:7      | Reached XP level 9. HP: 45/84 MP: 8/11
  5314 | D:7      | Received a gift from Yredelemnul (a mummy)
  5458 | D:7      | Reached skill level 4 in Fighting
  5603 | D:7      | Noticed Harold
  5627 | D:7      | Killed Harold
  5627 | D:7      | Reached skill level 6 in Invocations
  5816 | D:7      | Received a gift from Yredelemnul (a wraith)
  6580 | D:8      | Reached skill level 7 in Invocations
  6836 | D:8      | Noticed a queen bee
  6837 | D:8      | Reached skill level 5 in Fighting
  6853 | D:8      | Killed a queen bee
  6853 | D:8      | Reached XP level 10. HP: 43/96 MP: 1/14
  6861 | D:8      | HP: 21/96 [killer bee (10)]
  6866 | D:8      | HP: 15/96 [poisoned by a queen bee]
  6871 | D:8      | HP: 14/96 [poisoned by a queen bee]
  6877 | D:8      | HP: 14/96 [poisoned by a queen bee]
  6884 | D:8      | HP: 15/96 [poisoned by a queen bee]
  6891 | D:8      | HP: 18/96 [poisoned by a queen bee]
  6899 | D:8      | HP: 21/96 [poisoned by a queen bee]
  7243 | D:8      | Reached skill level 10 in Unarmed Combat
  7613 | D:9      | Reached skill level 8 in Invocations
  7754 | D:9      | Found Ypteuts's Assorted Antiques.
  7788 | D:9      | Bought an ominously black robe for 193 gold pieces
  7798 | D:9      | Identified the cursed +0 robe of the Bells {MP+9 Str+5
                  | Dex+4} (You bought it in a shop on level 9 of the Dungeon)
  7916 | D:9      | Found a glowing silver altar of Zin.
  8117 | D:9      | Noticed a two-headed ogre
  8122 | D:9      | Killed a two-headed ogre
  8210 | D:10     | Entered Level 10 of the Dungeon
  8220 | D:10     | Found a staircase to the Lair.
  8239 | D:9      | Reached skill level 6 in Fighting
  8312 | D:10     | Reached skill level 1 in Evocations
  8347 | D:10     | Noticed a two-headed ogre
  8354 | D:10     | Killed a two-headed ogre
  8354 | D:10     | Reached skill level 2 in Evocations
  8533 | D:10     | Reached skill level 3 in Evocations
  8596 | D:10     | Found a staircase to the Orcish Mines.
  8663 | D:10     | Found a shattered altar of Ashenzari.
  8692 | D:10     | Noticed a cyclops
  8699 | D:10     | Killed a cyclops
  8699 | D:10     | Reached skill level 11 in Unarmed Combat
  8813 | D:10     | Noticed Erolcha
  8829 | D:10     | Killed Erolcha
  8829 | D:10     | Reached skill level 4 in Evocations
  9020 | Lair:1   | Entered Level 1 of the Lair of Beasts
  9044 | Lair:1   | Noticed a spiny frog
  9058 | Lair:1   | Killed a spiny frog
  9058 | Lair:1   | Reached XP level 11. HP: 66/105 MP: 16/16
  9756 | Lair:1   | Received a gift from Yredelemnul (a mummy)
 10059 | Lair:2   | Found a staircase to the Shoals.
 10060 | Lair:2   | Upgraded the game from 0.25-a0-253-g6f1b5d974a to
                  | 0.25-a0-258-g6d7e32a812
 10074 | Lair:1   | Reached skill level 5 in Evocations
 10286 | Lair:2   | Noticed an oklob plant
 10478 | Lair:2   | Noticed a six-headed hydra
 10491 | Lair:2   | Killed a six-headed hydra
 11032 | Lair:3   | Noticed a five-headed hydra
 11039 | Lair:2   | Reached skill level 6 in Evocations
 11125 | Lair:3   | Reached skill level 12 in Unarmed Combat
 11138 | Lair:3   | Found a staircase to the Snake Pit.
 11188 | Lair:3   | Reached skill level 2 in Dodging
 11269 | Lair:3   | Killed a five-headed hydra
 11315 | Lair:3   | Noticed an eight-headed hydra
 11325 | Lair:3   | Killed an eight-headed hydra
 11381 | Lair:3   | Found a gate leading to a gauntlet.
 11391 | Lair:3   | Received a gift from Yredelemnul (a wraith)
 11394 | Lair:3   | Reached XP level 12. HP: 68/115 MP: 17/17
 11451 | Gauntlet | Entered a Gauntlet
 11451 | Gauntlet | Found a transporter.
 11451 | Gauntlet | Found a transporter.
 11469 | Gauntlet | Found a transporter.
 11484 | Gauntlet | Found a transporter.
 11502 | Gauntlet | Found a transporter.
 11513 | Gauntlet | Found a transporter.
 11593 | Gauntlet | Found a transporter.
 11606 | Gauntlet | Found a transporter.
 11622 | Gauntlet | Noticed a hell beast
 11623 | Gauntlet | Found a transporter.
 11636 | Gauntlet | Found a transporter.
 11715 | Gauntlet | Found a transporter.
 11717 | Gauntlet | Found a transporter.
 11730 | Gauntlet | Found a transporter.
 11738 | Gauntlet | Found a transporter.
 11740 | Gauntlet | Found a transporter.
 11740 | Gauntlet | Found a transporter.
 11742 | Gauntlet | Noticed a seven-headed hydra
 11742 | Gauntlet | Noticed a catoblepas
 12011 | Gauntlet | Reached skill level 3 in Dodging
 12179 | Gauntlet | Received a gift from Yredelemnul (a wraith)
 12181 | Gauntlet | HP: 42/172 [flying skull (7)]
 12187 | Gauntlet | HP: 34/172 [flying skull (10)]
 12195 | Gauntlet | HP: 18/115 [flying skull (7)]
 12199 | Gauntlet | HP: 5/115 [flying skull (7)]
 12520 | Gauntlet | Got a steaming bronze ring
 12527 | Gauntlet | Identified the ring "Semeassoa" {rN++ MR+ Int-3 SInv
                  | Stlth-} (You found it in a Gauntlet)
 12614 | Gauntlet | Noticed a minotaur
 12625 | Gauntlet | Killed a minotaur
 12650 | Gauntlet | Identified Zyqovum's Collected Works on the Creative
                  | Compass
 12848 | Lair:3   | Reached skill level 7 in Fighting
 12851 | Lair:3   | Reached skill level 9 in Invocations
 12957 | Lair:3   | Reached skill level 7 in Evocations
 12958 | Lair:3   | Noticed a six-headed hydra
 12962 | Lair:3   | Reached skill level 4 in Dodging
 12978 | Lair:3   | Killed a six-headed hydra
 13381 | Lair:4   | Noticed Urug
 13470 | Lair:4   | Killed Urug
 13532 | Lair:4   | Received a gift from Yredelemnul (a vampire)
 13675 | Lair:4   | Noticed a five-headed hydra
 13682 | Lair:4   | Killed a five-headed hydra
 13823 | Lair:4   | Received a gift from Yredelemnul (a wight)
 13915 | Lair:4   | Noticed an eight-headed hydra
 13927 | Lair:4   | Your ally Urug died
 13933 | Lair:4   | Killed an eight-headed hydra
 14541 | Lair:5   | Noticed a four-headed hydra
 14549 | Lair:5   | Killed a four-headed hydra
 14549 | Lair:5   | Reached skill level 13 in Unarmed Combat
 14556 | Lair:5   | Noticed a catoblepas
 14572 | Lair:5   | Killed a catoblepas
 14702 | Lair:5   | Found a viscous altar of Jiyva.
 14703 | Lair:5   | Found a staircase to the Slime Pits.
 14867 | Lair:5   | Reached XP level 13. HP: 115/127 MP: 19/19
 15131 | Lair:5   | Identified a scroll of acquirement
 15276 | Lair:6   | Entered Level 6 of the Lair of Beasts
 15306 | Lair:6   | Received a gift from Yredelemnul (4 flying skulls)
 15375 | Lair:6   | Reached skill level 5 in Dodging
 15458 | Lair:6   | Reached skill level 1 in Shields
 15459 | Lair:6   | Received a gift from Yredelemnul (a wraith)
 15501 | Lair:6   | Received a gift from Yredelemnul (4 flying skulls)
 15624 | Lair:6   | Reached skill level 8 in Fighting
 15627 | Lair:6   | Received a gift from Yredelemnul (a phantasmal warrior)
 15708 | Lair:6   | Reached skill level 2 in Shields
 15722 | Lair:6   | Reached ***** piety under Yredelemnul
 15957 | Lair:6   | Reached skill level 10 in Invocations
 16011 | Lair:6   | Reached skill level 8 in Evocations
 16159 | Lair:6   | Reached skill level 3 in Shields
 16988 | D:11     | Identified the +4 dagger "Garih" {drain, *Noise +Rage
                  | Stlth+} (You found it on level 4 of the Dungeon)
 17223 | D:11     | Found a transporter.
 17231 | D:11     | Noticed a frost giant
 17258 | D:11     | Found a transporter.
 17843 | D:12     | Noticed Nergalle
 17850 | D:12     | Killed Nergalle
 17850 | D:12     | Reached skill level 4 in Shields
 17864 | D:12     | Noticed Josephine
 17873 | D:12     | Killed Josephine
 17886 | D:12     | Received a gift from Yredelemnul (a flayed ghost)
 18135 | D:12     | Noticed Snorg
 18136 | D:12     | Noticed Sonja
 18145 | D:12     | Your ally Nergalle died
 18154 | D:12     | Reached skill level 9 in Fighting
 18157 | D:12     | Killed Snorg
 18174 | D:12     | Killed Sonja
 18179 | D:12     | Reached XP level 14. HP: 101/140 MP: 20/20
 18260 | D:12     | Received a gift from Yredelemnul (a wraith)
 18372 | D:12     | Reached skill level 5 in Shields
 18375 | D:12     | Reached skill level 14 in Unarmed Combat
 18809 | Orc:1    | Entered Level 1 of the Orcish Mines
 18956 | Orc:1    | Found a roughly hewn altar of Beogh.
 18972 | Orc:1    | Received a gift from Yredelemnul (a skeletal warrior)
 19130 | Orc:2    | Entered Level 2 of the Orcish Mines
 19130 | Orc:2    | Found Dyruitwo's Gadget Shop.
 19130 | Orc:2    | Found Utrosisk's General Store.
 19138 | Orc:2    | Found a roughly hewn altar of Beogh.
 19170 | Orc:2    | Reached skill level 6 in Shields
 19178 | Orc:2    | Received a gift from Yredelemnul (a phantasmal warrior)
 19226 | Orc:2    | Reached skill level 7 in Shields
 19391 | Orc:2    | Received a gift from Yredelemnul (a ghoul)
 19396 | Orc:2    | Found Adyokhuk's Book Boutique.
 19396 | Orc:2    | Found Isekef's Assorted Antiques.
 19396 | Orc:2    | Found Xeizouwa's Gadget Emporium.
 19396 | Orc:2    | Found Kutar's Assorted Antiques.
 19447 | Orc:2    | Bought a wand of paralysis (4) for 84 gold pieces
 19447 | Orc:2    | Bought a wand of iceblast (14) for 252 gold pieces
 19525 | Orc:2    | Bought a potion of heal wounds for 95 gold pieces
 19756 | Orc:2    | Found a staircase to the Elven Halls.
 19889 | Orc:2    | Found a bloodstained altar of Trog.
 19911 | Orc:1    | Noticed an orc warlord
 19986 | Orc:2    | Reached ****** piety under Yredelemnul
 19997 | Orc:2    | Received a gift from Yredelemnul (a skeletal warrior)
 19999 | Orc:2    | Killed an orc warlord
 20186 | Orc:1    | Received a gift from Yredelemnul (a bone dragon)
 20221 | Orc:1    | Found Wugodeme's Distillery.
 20271 | Orc:2    | Reached skill level 10 in Fighting
 20467 | Orc:1    | Reached skill level 8 in Shields
 20541 | Orc:1    | Bought a potion of haste for 180 gold pieces
 20541 | Orc:1    | Bought a potion of invisibility for 144 gold pieces
 20541 | Orc:1    | Bought a potion of magic for 144 gold pieces
 20992 | D:13     | Received a gift from Yredelemnul (a ghoul)
 21176 | D:12     | Found a sacrificial altar of Ru.
 21667 | D:14     | Received a gift from Yredelemnul (a phantasmal warrior)
 21866 | D:14     | Received a gift from Yredelemnul (a ghoul)
 22316 | D:14     | Received a gift from Yredelemnul (a phantasmal warrior)
 22317 | D:14     | Reached skill level 9 in Shields
 22340 | D:14     | Reached XP level 15. HP: 121/152 MP: 21/21
 22438 | D:14     | Found a gate to the Vaults.
 22513 | D:15     | Entered Level 15 of the Dungeon
 22653 | D:15     | Received a gift from Yredelemnul (a vampire)
 22653 | D:15     | Found a staircase to the Depths.
 22655 | D:15     | Noticed Nessos
 22671 | D:15     | Killed Nessos
 22703 | D:15     | Received a gift from Yredelemnul (a vampire)
 23314 | D:15     | Received a gift from Yredelemnul (a skeletal warrior)
 23317 | D:15     | Reached skill level 11 in Fighting
 24204 | D:4      | Bought an uncursed ring of protection from magic for 250
                  | gold pieces
 24204 | D:4      | Bought an uncursed ring of protection from cold for 250
                  | gold pieces
 24318 | D:6      | Killed DEFE's ghost
 24580 | D:11     | Killed a frost giant
 24580 | D:11     | Reached skill level 15 in Unarmed Combat
 24742 | Elf:1    | Entered Level 1 of the Elven Halls
 24748 | Elf:1    | Received a gift from Yredelemnul (a vampire knight)
 24856 | Elf:1    | Received a gift from Yredelemnul (a bone dragon)
 25017 | Elf:1    | Noticed a deep elf sorcerer
 25021 | Elf:1    | Cast into level 3 of the Abyss (a deep elf sorcerer)
 25064 | Abyss:3  | Received a gift from Yredelemnul (a skeletal warrior)
 25123 | Elf:1    | Escaped the Abyss
 25125 | Elf:1    | Killed a deep elf sorcerer
 25133 | Elf:1    | Reached skill level 12 in Fighting
 25134 | Elf:1    | hittemvvvvvvvvvvhard: !ac 1
 25134 | Elf:1    | beem: 22.0 armour skill per 1 AC for 1 base AC
 25986 | Elf:1    | Identified the Reference Book on Dark Secrets
 26282 | Snake:1  | Entered Level 1 of the Snake Pit
 27330 | Snake:2  | Received a gift from Yredelemnul (a vampire)
 27410 | Snake:2  | Reached XP level 16. HP: 104/165 MP: 5/22
 27475 | Snake:2  | Found a frozen archway.
 27484 | IceCv    | Entered an ice cave
 27511 | IceCv    | Received a gift from Yredelemnul (a profane servitor)
 28063 | IceCv    | Received a gift from Yredelemnul (a profane servitor)
 28184 | IceCv    | Noticed an Ice Fiend
 28408 | IceCv    | Killed an Ice Fiend
 28408 | IceCv    | Reached skill level 6 in Dodging
 28873 | IceCv    | Identified the +9 flail "Deughyac" {drain, rElec Int+4}
                  | (You found it in an ice cave)
 29697 | Snake:3  | Received a gift from Yredelemnul (a profane servitor)
 29938 | Snake:3  | Received a gift from Yredelemnul (a vampire knight)
 30157 | Snake:3  | Found Ysalummu's Armour Shop.
 30429 | Snake:3  | Received a gift from Yredelemnul (a phantasmal warrior)
 30787 | Snake:4  | Entered Level 4 of the Snake Pit
 30788 | Snake:4  | Upgraded the game from 0.25-a0-258-g6d7e32a812 to
                  | 0.25-a0-265-g7af84ae0ac
 30881 | Snake:4  | Reached skill level 9 in Evocations
 30892 | Snake:4  | Received a gift from Yredelemnul (a vampire)
 31100 | Snake:4  | Reached skill level 11 in Invocations
 31123 | Snake:4  | Received a gift from Yredelemnul (a vampire)
 31265 | Snake:4  | Received a gift from Yredelemnul (a vampire)
 31265 | Snake:4  | Reached skill level 7 in Dodging
 31407 | Snake:4  | Received a gift from Yredelemnul (a vampire knight)
 31980 | Snake:4  | Reached skill level 16 in Unarmed Combat
 32004 | Snake:4  | Reached XP level 17. HP: 175/175 MP: 24/24
 32013 | Snake:4  | Received a gift from Yredelemnul (a ghoul)
 32189 | Snake:4  | Got a serpentine rune of Zot
 32517 | Elf:2    | Found Ogrema's Antique Armour Shop.
 32569 | Elf:2    | Reached skill level 13 in Fighting
 33233 | Elf:2    | Found a huge runed translucent gate.
 33235 | Elf:2    | Found a huge runed translucent gate.
 33235 | Elf:2    | Found a huge runed translucent gate.
 33236 | Elf:2    | Found a huge runed translucent gate.
 33236 | Elf:2    | Found a huge runed translucent gate.
 33267 | Elf:2    | Received a gift from Yredelemnul (a phantasmal warrior)
 33337 | Elf:2    | Received a gift from Yredelemnul (a skeletal warrior)
 33527 | Elf:2    | Reached skill level 8 in Dodging
 33594 | Elf:2    | Received a gift from Yredelemnul (a ghoul)
 33938 | Vaults:1 | Entered Level 1 of the Vaults
 34156 | Vaults:1 | Found Seiv's Magic Scroll Shop.
 34165 | Vaults:1 | Bought a scroll of acquirement for 1040 gold pieces
 34166 | Vaults:1 | Identified the +1 cloak of Gozag's Delight {rElec Regen+
                  | Stlth+} (You acquired it on level 1 of the Vaults)
 34293 | Vaults:1 | Received a gift from Yredelemnul (a phantasmal warrior)
 34301 | Vaults:1 | Reached skill level 12 in Invocations
 34301 | Vaults:1 | Reached skill level 10 in Evocations
 34502 | Vaults:1 | Found Zashruno's Antique Weapon Shop.
 34511 | Vaults:1 | You fall into a shaft and drop 1 floor!
 34525 | Vaults:2 | Received a gift from Yredelemnul (a vampire knight)
 34624 | Vaults:2 | Received a gift from Yredelemnul (a ghoul)
 34644 | Vaults:2 | Received a gift from Yredelemnul (a phantasmal warrior)
 34686 | Vaults:2 | Noticed Saint Roka
 34693 | Vaults:2 | Killed Saint Roka
 34968 | Vaults:2 | Received a gift from Yredelemnul (a flayed ghost)
 35059 | Vaults:2 | Reached XP level 18. HP: 175/188 MP: 26/26
 35087 | Vaults:2 | Reached skill level 17 in Unarmed Combat
 35235 | Vaults:1 | Reached skill level 14 in Fighting
 35263 | Vaults:1 | Found Patit's Antique Weapon Shop.
 35319 | Vaults:1 | Reached skill level 11 in Evocations
 35368 | Vaults:1 | Received a gift from Yredelemnul (a ghoul)
 35490 | Vaults:1 | Received a gift from Yredelemnul (a phantasmal warrior)
 35684 | Vaults:1 | Received a gift from Yredelemnul (a vampire)
 35775 | Vaults:1 | Found Dietaoku's Food Shop.
 36005 | Vaults:1 | Noticed a lich
 36016 | Vaults:1 | Killed a lich
 36175 | Vaults:1 | Received a gift from Yredelemnul (a vampire knight)
 36439 | Vaults:2 | Received a gift from Yredelemnul (a ghoul)
 36661 | Vaults:2 | Received a gift from Yredelemnul (a vampire knight)
 36763 | Vaults:2 | Found an ornate altar of the Wu Jian Council.
 37291 | Vaults:3 | Received a gift from Yredelemnul (a flayed ghost)
 37721 | Vaults:3 | Received a gift from Yredelemnul (a vampire knight)
 37798 | Vaults:3 | Reached skill level 9 in Dodging
 37934 | Vaults:3 | Found Suiloum's Antique Armour Shoppe.
 37975 | Vaults:3 | Noticed a deep elf demonologist
 37981 | Vaults:3 | Killed a deep elf demonologist
 38073 | Vaults:3 | Found a staircase to the Crypt.
 38163 | Vaults:3 | Reached XP level 19. HP: 172/198 MP: 27/27
 39022 | Vaults:4 | Received a gift from Yredelemnul (a skeletal warrior)
 39187 | Vaults:4 | Reached skill level 13 in Invocations
 39196 | Vaults:4 | Received a gift from Yredelemnul (a phantasmal warrior)
 39771 | Vaults:4 | Reached skill level 12 in Evocations
 39928 | Vaults:4 | Noticed an entropy weaver
 39934 | Vaults:4 | Received a gift from Yredelemnul (a flayed ghost)
 39938 | Vaults:4 | Killed an entropy weaver
 39950 | Vaults:4 | Reached skill level 18 in Unarmed Combat
 40179 | Vaults:4 | Received a gift from Yredelemnul (a vampire)
 40383 | Vaults:4 | Reached skill level 10 in Dodging
 40635 | Shoals:1 | Entered Level 1 of the Shoals
 40800 | Shoals:1 | Reached skill level 15 in Fighting
 40802 | Shoals:1 | Received a gift from Yredelemnul (a phantasmal warrior)
 40951 | Shoals:1 | Received a gift from Yredelemnul (a skeletal warrior)
 41269 | Shoals:2 | Found a basalt altar of Yredelemnul.
 41329 | Shoals:2 | You fall into a shaft and drop 1 floor!
 41952 | Shoals:4 | Entered Level 4 of the Shoals
 42169 | Shoals:4 | Received a gift from Yredelemnul (a skeletal warrior)
 42172 | Shoals:4 | Reached XP level 20. HP: 165/210 MP: 25/28
 42249 | Shoals:4 | Received a gift from Yredelemnul (a vampire)
 42326 | Shoals:4 | Got a barnacled rune of Zot
 42476 | Shoals:4 | Received a gift from Yredelemnul (a phantasmal warrior)
 43189 | Vaults:1 | Noticed Nikola
 43200 | Vaults:1 | Killed Nikola
 43322 | Crypt:1  | Entered Level 1 of the Crypt
 43899 | Crypt:1  | Received a gift from Yredelemnul (a skeletal warrior)
 44450 | Crypt:2  | Noticed a lich
 44459 | Crypt:2  | Killed a lich
 44899 | Crypt:2  | Reached skill level 11 in Dodging
 44899 | Crypt:2  | Received a gift from Yredelemnul (a vampire)
 45351 | Crypt:3  | Entered Level 3 of the Crypt
 45386 | Crypt:3  | Received a gift from Yredelemnul (a ghoul)
 45672 | Crypt:3  | Found a basalt altar of Yredelemnul.
 45784 | Crypt:3  | Received a gift from Yredelemnul (a ghoul)
 45954 | Crypt:3  | Reached skill level 13 in Evocations
 46032 | Crypt:3  | Noticed a lich
 46034 | Crypt:3  | Found the +7 captain's cutlass {speed, disarm}
 46039 | Crypt:3  | Killed a lich
 46119 | Crypt:3  | Reached skill level 19 in Unarmed Combat
 46130 | Crypt:3  | Received a gift from Yredelemnul (a ghoul)
 46160 | Crypt:3  | Noticed Jory
 46171 | Crypt:3  | Killed Jory
 46234 | Crypt:3  | Noticed Sojobo
 46259 | Crypt:3  | Killed Sojobo
 46262 | Crypt:3  | Received a gift from Yredelemnul (a flayed ghost)
 46318 | Crypt:3  | Found a staircase to the Tomb.
 46362 | Crypt:3  | Noticed a profane servitor
 46372 | Crypt:3  | Killed a profane servitor
 46372 | Crypt:3  | Reached XP level 21. HP: 175/221 MP: 29/29
 46381 | Crypt:3  | Reached skill level 16 in Fighting
 46947 | Elf:3    | Entered Level 3 of the Elven Halls
 46947 | Elf:3    | Noticed a deep elf demonologist
 46961 | Elf:2    | Killed a deep elf demonologist
 47007 | Elf:3    | Received a gift from Yredelemnul (a profane servitor)
 47018 | Elf:3    | Reached skill level 1 in Throwing
 47296 | Elf:3    | Noticed a deep elf demonologist
 47303 | Elf:3    | Killed a deep elf demonologist
 47525 | Elf:3    | Received a gift from Yredelemnul (a vampire knight)
 47538 | Elf:3    | Noticed a deep elf sorcerer
 47538 | Elf:3    | Reached skill level 2 in Throwing
 47543 | Elf:3    | Noticed a deep elf demonologist
 47544 | Elf:3    | Killed a deep elf sorcerer
 47546 | Elf:3    | Noticed a deep elf demonologist
 47546 | Elf:3    | Identified the +8 short sword "Wileir" {speed, rN+}
 47546 | Elf:3    | Identified the ring "Seocul" {rPois rC+ Int+8 SInv Stlth-}
 47546 | Elf:3    | Killed a deep elf demonologist
 47546 | Elf:3    | Noticed a deep elf demonologist
 47550 | Elf:3    | Killed a deep elf demonologist
 47550 | Elf:3    | Reached skill level 12 in Dodging
 47554 | Elf:3    | Killed a deep elf demonologist
 47556 | Elf:3    | Reached skill level 3 in Throwing
 47564 | Elf:3    | Noticed a deep elf demonologist
 47566 | Elf:3    | Noticed a deep elf sorcerer
 47568 | Elf:3    | Received a gift from Yredelemnul (a vampire knight)
 47570 | Elf:3    | Killed a deep elf sorcerer
 47571 | Elf:3    | Noticed a deep elf demonologist
 47573 | Elf:3    | Noticed a deep elf sorcerer
 47581 | Elf:3    | Noticed a deep elf sorcerer
 47587 | Elf:3    | Identified the cursed +0 hand axe "Rezikh" {drain, rElec
                  | rC- MR- Str+9}
 47587 | Elf:3    | Identified the +3 large shield "Efroijea" {rN+ rCorr Str-3
                  | Dex+2}
 47596 | Elf:3    | Reached skill level 4 in Throwing
 47606 | Elf:3    | Noticed an Ice Fiend
 47606 | Elf:3    | Noticed an Ice Fiend
 47606 | Elf:3    | Killed a deep elf sorcerer
 47613 | Elf:3    | Killed a deep elf sorcerer
 47616 | Elf:3    | Received a gift from Yredelemnul (a vampire)
 47619 | Elf:3    | Killed a deep elf demonologist
 47899 | Elf:3    | Identified the cursed +0 hand axe "Jeathrur" {flame, *Slow
                  | rF+ Int+4 Stlth+}
 47899 | Elf:3    | Identified the amulet "Fiffakla" {Gourm *Corrode rPois
                  | Slay+2}
 47904 | Elf:3    | Killed a deep elf demonologist
 47918 | Elf:3    | Received a gift from Yredelemnul (a vampire)
 48003 | Elf:3    | Identified the +1 demon trident of Internal Strife {vamp,
                  | rF+ rC+ Int-5 SInv} (You found it on level 3 of the Elven
                  | Halls)
 48005 | Elf:3    | Identified Rykk's Grimoire of Mutagenic Displacement
 48121 | Elf:2    | Bought warped shadow dragon scales for 3060 gold pieces
 48135 | Elf:2    | Identified the +6 shadow dragon scales of Tettaf {MR- rCorr
                  | Dex+9 SInv Stlth++++} (You bought it in a shop on level 2
                  | of the Elven Halls)
 48292 | Depths:1 | Entered Level 1 of the Depths
 48312 | Depths:1 | Found a one-way gate to the infinite horrors of the Abyss.
 48331 | Depths:1 | Reached skill level 5 in Throwing
 48349 | Depths:1 | Received a gift from Yredelemnul (a vampire knight)
 48552 | Depths:1 | Received a gift from Yredelemnul (a phantasmal warrior)
 48747 | Depths:1 | Found a gateway to a ziggurat.
 48932 | Depths:1 | Found a gateway to Hell.
 49078 | Depths:2 | Upgraded the game from 0.25-a0-265-g7af84ae0ac to
                  | 0.25-a0-280-gfa4545f159
 49133 | Depths:2 | Reached skill level 6 in Throwing
 49442 | Depths:2 | Reached skill level 20 in Unarmed Combat
 49475 | Depths:2 | Received a gift from Yredelemnul (a vampire)
 49540 | Depths:2 | Identified the +2 arbalest of the Crypt {speed, MR+} (You
                  | found it on level 2 of the Depths)
 50160 | Depths:3 | Reached skill level 10 in Shields
 50213 | Depths:3 | Received a gift from Yredelemnul (a phantasmal warrior)
 50239 | Depths:3 | Reached skill level 7 in Throwing
 50256 | Depths:3 | Received a gift from Yredelemnul (a flayed ghost)
 50318 | Depths:3 | Noticed Asterion
 50326 | Depths:3 | Killed Asterion
 50326 | Depths:3 | Reached XP level 22. HP: 231/231 MP: 30/30
 50368 | Depths:3 | Killed Margery
 50369 | Depths:3 | Received a gift from Yredelemnul (a vampire knight)
 50783 | Depths:3 | Found a one-way gate leading to the halls of Pandemonium.
 50856 | Depths:3 | You fall into a shaft and drop 2 floors!
 50856 | Depths:5 | Entered Level 5 of the Depths
 50869 | Depths:5 | Reached skill level 8 in Throwing
 50869 | Depths:5 | Received a gift from Yredelemnul (a vampire)
 50904 | Depths:5 | Received a gift from Yredelemnul (a vampire knight)
 51132 | Depths:5 | Received a gift from Yredelemnul (a flayed ghost)
 51368 | Depths:5 | Reached skill level 11 in Shields
 51371 | Depths:5 | Received a gift from Yredelemnul (a vampire)
 51403 | Depths:5 | Reached skill level 9 in Throwing
 51588 | Depths:4 | Received a gift from Yredelemnul (a skeletal warrior)
 51622 | Depths:4 | Noticed a juggernaut
 51637 | Depths:4 | Killed a juggernaut
 51697 | Depths:4 | Identified the ring of Mylahay {+Inv rCorr}
 51750 | Depths:4 | Received a gift from Yredelemnul (a vampire)
 51758 | Depths:4 | Noticed a lich
 51773 | Depths:4 | Killed a lich
 51785 | Depths:4 | Killed a golden dragon
 51929 | Depths:4 | Reached skill level 21 in Unarmed Combat
 51952 | Depths:4 | Received a gift from Yredelemnul (a vampire knight)
 51967 | Depths:4 | Noticed Boris
 51974 | Depths:4 | Killed Boris
 52059 | Depths:4 | Found the -2 hat of the Alchemist {rElec rPois rF+ rC+ rN+
                  | MR+ rMut rCorr}
 52345 | Depths:4 | Reached skill level 10 in Throwing
 53224 | Depths:3 | Reached skill level 12 in Shields
 53230 | Depths:3 | Reached XP level 23. HP: 213/239 MP: 31/31
 53249 | Depths:3 | Received a gift from Yredelemnul (a vampire)
 53602 | Depths:5 | Found Zunkeasu's Magic Scroll Shoppe.
 53845 | Depths:5 | Received a gift from Yredelemnul (a vampire)
 53910 | Depths:5 | Found a gate to the Realm of Zot.
 53923 | Depths:5 | Reached skill level 11 in Throwing
 54537 | Vaults:5 | Entered Level 5 of the Vaults
 54539 | Vaults:5 | Noticed a deep elf demonologist
 54541 | Vaults:5 | Noticed a deep elf demonologist
 54541 | Vaults:5 | Noticed a deep elf sorcerer
 54541 | Vaults:5 | Noticed a deep elf demonologist
 54541 | Vaults:5 | Noticed a deep elf demonologist
 54546 | Vaults:5 | Killed a deep elf demonologist
 54547 | Vaults:5 | Killed a deep elf sorcerer
 54549 | Vaults:5 | Killed a deep elf demonologist
 54550 | Vaults:5 | Killed a deep elf demonologist
 54551 | Vaults:5 | Received a gift from Yredelemnul (a vampire)
 54553 | Vaults:5 | Killed a deep elf demonologist
 54575 | Vaults:5 | Received a gift from Yredelemnul (a vampire knight)
 54586 | Vaults:5 | Found the +0 staff of Battle
 54596 | Vaults:5 | Got a silver rune of Zot
 54651 | Vaults:5 | Noticed an entropy weaver
 54656 | Vaults:5 | Killed an entropy weaver
 54676 | Vaults:5 | Received a gift from Yredelemnul (a ghoul)
 54686 | Vaults:5 | Noticed Boris
 54696 | Vaults:5 | Reached skill level 13 in Shields
 54704 | Vaults:5 | Killed Boris
 54717 | Vaults:5 | Reached skill level 12 in Throwing
 54718 | Vaults:5 | Received a gift from Yredelemnul (a bone dragon)
 54733 | Vaults:5 | Received a gift from Yredelemnul (a flayed ghost)
 54764 | Vaults:5 | Received a gift from Yredelemnul (a vampire knight)
 54770 | Vaults:5 | Reached skill level 14 in Shields
 54918 | Vaults:5 | Received a gift from Yredelemnul (a bone dragon)
 54981 | Vaults:5 | Received a gift from Yredelemnul (a vampire knight)
 55020 | Vaults:5 | Received a gift from Yredelemnul (a skeletal warrior)
 55254 | Vaults:5 | Identified the Collected Works on Conjuration and the
                  | Volcanoes
 55372 | Vaults:5 | Noticed a lich
 55377 | Vaults:5 | Noticed a Tzitzimitl
 55381 | Vaults:5 | Killed a lich
 55381 | Vaults:5 | Reached skill level 15 in Shields
 55441 | Vaults:5 | Identified the ring "Lipof" {*Slow +Inv rF+ rN+}
 55449 | Vaults:5 | Reached skill level 1 in Armour
 55466 | Vaults:5 | Reached skill level 2 in Armour
 55466 | Vaults:5 | Reached XP level 24. HP: 184/248 MP: 25/31
 55613 | Vaults:5 | Identified the +6 long sword "Eviscerator" {flame, Int+6}
                  | (You found it on level 5 of the Vaults)
 55688 | Vaults:5 | Reached skill level 3 in Armour
 55932 | Vaults:5 | Got a wavering wooden ring
 55933 | Vaults:5 | Identified the ring "Isoshreif" {rElec MR+ Str+6 Int-2}
                  | (You found it on level 5 of the Vaults)
 55983 | Vaults:5 | Noticed an entropy weaver
 55986 | Vaults:5 | Received a gift from Yredelemnul (a vampire)
 55992 | Vaults:5 | Killed an entropy weaver
 56005 | Vaults:5 | Reached skill level 4 in Armour
 56576 | Orc:2    | Bought a wand of digging (3) for 210 gold pieces
 56576 | Orc:2    | Bought a phantom mirror for 450 gold pieces
 56576 | Orc:2    | Bought a wand of iceblast (6) for 150 gold pieces
 56576 | Orc:2    | Bought a wand of disintegration (18) for 330 gold pieces
 56576 | Orc:2    | Bought a wand of disintegration (18) for 330 gold pieces
 56853 | Zot:1    | Entered Level 1 of the Realm of Zot
 57094 | Vaults:1 | Bought a crystal spear for 256 gold pieces
 57094 | Vaults:1 | Identified the +5 spear of the Magi {pain, MR+ Str+3} (You
                  | bought it in a shop on level 1 of the Vaults)
 57530 | Zot:1    | Received a gift from Yredelemnul (a profane servitor)
 57545 | Zot:1    | Reached skill level 5 in Armour
 57857 | Vaults:1 | Bought a ration for 70 gold pieces
 57857 | Vaults:1 | Bought a ration for 70 gold pieces
 57857 | Vaults:1 | Bought a ration for 70 gold pieces
 57857 | Vaults:1 | Bought a ration for 70 gold pieces
 57857 | Vaults:1 | Bought a ration for 70 gold pieces
 57857 | Vaults:1 | Bought a ration for 70 gold pieces
 57857 | Vaults:1 | Bought a ration for 70 gold pieces
 57857 | Vaults:1 | Bought a ration for 70 gold pieces
 57857 | Vaults:1 | Bought a ration for 70 gold pieces
 57857 | Vaults:1 | Bought a ration for 70 gold pieces
 57857 | Vaults:1 | Bought a ration for 70 gold pieces
 57857 | Vaults:1 | Bought a ration for 70 gold pieces
 58178 | Zot:2    | Received a gift from Yredelemnul (a vampire)
 58186 | Zot:2    | Reached skill level 6 in Armour
 58235 | Zot:2    | Noticed a Killer Klown
 58257 | Zot:2    | Killed a Killer Klown
 58328 | Zot:3    | Reached skill level 7 in Armour
 58453 | Zot:5    | Entered Level 5 of the Realm of Zot
 58501 | Zot:5    | Nebesus: Wait a magic troll whats next a magic minotaur?
 58501 | Zot:5    | hittemvvvvvvvvvvhard: haha
 58501 | Zot:5    | hittemvvvvvvvvvvhard: didnt cast a single spell this game
                  | ;)
 58501 | Zot:5    | hittemvvvvvvvvvvhard: oh lol youre not here
 58642 | Zot:4    | Reached skill level 8 in Armour
 58705 | Zot:4    | Received a gift from Yredelemnul (a vampire knight)
 58722 | Zot:4    | Received a gift from Yredelemnul (a flayed ghost)
 58899 | Zot:4    | Reached skill level 9 in Armour
 59140 | Zot:5    | Noticed an orb of fire
 59153 | Zot:5    | Killed an orb of fire
 59155 | Zot:5    | Noticed an orb of fire
 59160 | Zot:5    | Killed an orb of fire
 59160 | Zot:5    | Reached skill level 10 in Armour
 59167 | Zot:5    | Noticed a Killer Klown
 59167 | Zot:5    | Noticed an ancient lich
 59167 | Zot:5    | Noticed a Killer Klown
 59167 | Zot:5    | Noticed a Killer Klown
 59168 | Zot:5    | Noticed an ancient lich
 59203 | Zot:5    | Noticed an ancient lich
 59204 | Zot:5    | Noticed an ancient lich
 59209 | Zot:5    | Killed an ancient lich
 59211 | Zot:5    | Killed an ancient lich
 59211 | Zot:5    | Reached skill level 11 in Armour
 59227 | Zot:5    | Killed an ancient lich
 59237 | Zot:5    | Noticed a Killer Klown
 59240 | Zot:5    | Killed a Killer Klown
 59246 | Zot:5    | Killed a Killer Klown
 59255 | Zot:5    | Killed an ancient lich
 59255 | Zot:5    | Reached skill level 12 in Armour
 59259 | Zot:5    | Killed a Killer Klown
 59259 | Zot:5    | Reached XP level 25. HP: 141/256 MP: 31/31
 59271 | Zot:5    | Noticed a Killer Klown
 59277 | Zot:5    | Noticed an ancient lich
 59296 | Zot:5    | Killed a Killer Klown
 59302 | Zot:5    | Killed an ancient lich
 59408 | Zot:5    | Noticed an ancient lich
 59422 | Zot:5    | Killed an ancient lich
 59422 | Zot:5    | Reached skill level 13 in Armour
 59436 | Zot:5    | Noticed an ancient lich
 59441 | Zot:5    | Noticed an ancient lich
 59489 | Zot:5    | Killed an ancient lich
 59489 | Zot:5    | Received a gift from Yredelemnul (a flayed ghost)
 59498 | Zot:5    | Killed an ancient lich
 59924 | Zot:5    | Reached skill level 14 in Armour
 60262 | Zot:5    | Got the Orb of Zot
 60314 | Zot:5    | Noticed Cusig the pandemonium lord
 60568 | Depths:2 | Received a gift from Yredelemnul (a bone dragon)
 60715 | D:12     | Reached skill level 15 in Armour
 60739 | D:10     | Noticed Cugot the pandemonium lord
 60914 | D:4      | Noticed a Brimstone Fiend
 60967 | D:$      | Escaped with the Orb!

Table legend:
 A = Turns spent in this place as a percentage of turns spent in the entire game.
 B = Non-inter-level travel turns spent in this place as a percentage of non-inter-level travel turns spent in the entire game.
 C = Inter-level travel turns spent in this place as a percentage of turns spent in this place.
 D = Turns resting spent in this place as a percentage of non-inter-level travel turns spent in this place.
 E = Turns spent auto-exploring this place as a percentage of non-inter-level travel turns spent in this place.
 F = Non-inter-level travel turns spent in this place divided by the number of levels of this place that you've seen.
                   A       B       C       D       E      F
               +-------+-------+-------+-------+-------+----------------------
         Total | 100.0 | 100.0 |  10.1 |   4.8 |  69.5 | 978.4
       Dungeon |  26.0 |  24.8 |  14.3 |   2.1 |  76.4 | 905.1
          Lair |  10.7 |  11.1 |   6.8 |   1.3 |  78.8 | 1011.2
        Shoals |   4.0 |   4.2 |   5.5 |   1.3 |  74.9 | 575.8
     Snake Pit |   7.5 |   7.9 |   5.9 |   0.8 |  76.4 | 1075.5
  Orcish Mines |   3.7 |   3.5 |  14.0 |   8.7 |  65.3 | 967.5
   Elven Halls |   6.4 |   6.6 |   7.7 |   5.3 |  69.8 | 1203.7
        Vaults |  14.9 |  15.0 |   9.3 |   1.8 |  72.1 | 1645.4
         Crypt |   5.5 |   5.9 |   5.0 |   5.7 |  70.3 | 1069.7
        Depths |  12.0 |  10.8 |  18.7 |   3.7 |  70.2 | 1185.4
           Zot |   4.0 |   4.3 |   2.8 |  23.1 |  17.2 | 471.8
         Abyss |   0.2 |   0.2 |   0.0 |   0.0 |  10.8 | 102.0
       Ossuary |   0.6 |   0.6 |   0.0 |   0.0 |  51.3 | 351.0
      Ice Cave |   2.4 |   2.7 |   0.0 |  16.4 |  53.0 | 1479.0
      Gauntlet |   2.2 |   2.4 |   0.0 |  35.4 |  31.0 | 1340.0
               +-------+-------+-------+-------+-------+----------------------

Table legend:
 A = Kills in this place as a percentage of kills in entire the game.
 B = Kills by you in this place as a percentage of kills by you in the entire game.
 C = Kills by friends in this place as a percentage of kills by friends in the entire game.
 D = Other kills in this place as a percentage of other kills in the entire game.
 E = Experience gained in this place as a percentage of experience gained in the entire game.
 F = Experience gained in this place divided by the number of levels of this place that you have seen.
                   A       B       C       D       E      F
               +-------+-------+-------+-------+-------+----------------------
         Total | 100.0 | 100.0 | 100.0 | 100.0 | 100.0 | 22298.7
       Dungeon |  17.9 |  21.7 |  13.1 |   0.0 |   4.6 | 3850.3
          Lair |   7.1 |   9.5 |   4.1 |   0.0 |   3.2 | 6601.7
        Shoals |   5.0 |   2.0 |   8.8 |  14.3 |   3.6 | 11265.5
     Snake Pit |   7.4 |   5.9 |   9.3 |   0.0 |   5.6 | 17559.2
  Orcish Mines |   5.4 |   3.7 |   7.7 |   0.0 |   1.8 | 11315.0
   Elven Halls |   6.2 |   5.1 |   7.5 |   0.0 |   7.5 | 31304.3
        Vaults |  22.0 |  19.6 |  24.8 |  71.4 |  27.0 | 67409.0
         Crypt |   7.7 |   6.3 |   9.5 |   0.0 |   8.0 | 33188.7
        Depths |  13.3 |  14.8 |  11.4 |  14.3 |  18.3 | 45728.8
           Zot |   3.7 |   5.0 |   2.0 |   0.0 |  19.1 | 47729.4
         Abyss |   0.1 |   0.1 |   0.1 |   0.0 |   0.1 | 983.0
       Ossuary |   1.6 |   2.8 |   0.0 |   0.0 |   0.0 | 406.0
      Ice Cave |   2.1 |   2.5 |   1.5 |   0.0 |   0.7 | 9129.0
      Gauntlet |   0.7 |   1.2 |   0.1 |   0.0 |   0.4 | 5100.0
               +-------+-------+-------+-------+-------+----------------------

Skill      XL: |  1  2  3  4  5  6  7  8  9 10 11 12 13 14 15 16 17 18 19 20 21 22 23 24 25 |
---------------+----------------------------------------------------------------------------+-----
Unarmed Combat | 1 2 4 5 7 9 11 12 13 14 15 16 17 18 19 20 21 | 21.0
Fighting       | 1 2 3 5 6 7 9 10 12 13 14 15 16 | 16.0
Invocations    | 1 3 4 5 7 8 9 10 11 12 13 | 13.0
Evocations     | 4 6 7 8 9 10 11 12 13 | 13.0
Dodging        | 2 4 5 7 8 9 10 11 12 | 12.0
Shields        | 4 9 10 12 15 | 15.0
Throwing       | 7 10 12 | 12.0
Armour         | 2 12 15 | 15.0
Stealth        | |  1.0
Spellcasting   | |  1.2
Conjurations   | |  0.6
Fire Magic     | |  2.1

Action                   |  1- 3 |  4- 6 |  7- 9 | 10-12 | 13-15 | 16-18 | 19-21 | 22-24 | 25-27 || total
-------------------------+-------+-------+-------+-------+-------+-------+-------+-------+-------++-------
Melee: Unarmed           |   123 |   134 |   361 |   424 |   911 |   953 |  1206 |  1009 |   216 ||  5337
       Punch             |     1 |     3 |     9 |    38 |       |       |       |       |       ||    51
Throw: Stone             |     9 |     6 |    12 |       |     1 |       |       |       |       ||    28
       Large rock        |       |       |       |       |     3 |     2 |    12 |    33 |     8 ||    58
Invok: Animate Remains   |       |     2 |       |       |       |       |       |       |       ||     2
       Animate Dead      |       |       |    20 |    43 |    77 |    61 |    48 |    31 |     1 ||   281
       Drain Life        |       |       |     3 |     4 |    12 |    31 |    16 |    16 |       ||    82
       Injury Mirror     |       |       |     1 |     3 |       |       |       |       |       ||     4
       Recall Undead Sla |       |       |       |     4 |     4 |     2 |     6 |    10 |     1 ||    27
       Enslave Soul      |       |       |       |       |       |     2 |       |       |       ||     2
Evoke: Wand              |       |       |     2 |    17 |    13 |     2 |     1 |    16 |     9 ||    60
       Phial of floods   |       |       |       |       |     1 |       |       |       |       ||     1
       Fan of gales      |       |       |       |       |       |       |       |       |     1 ||     1
       Box of beasts     |       |       |       |       |       |       |       |       |     1 ||     1
  Use: Scroll            |     2 |     8 |     6 |    13 |    15 |     9 |     6 |    15 |     3 ||    77
       Potion            |       |     1 |     1 |     3 |       |     1 |       |     3 |     8 ||    17
 Stab: Sleeping          |     7 |     1 |       |     1 |       |     4 |    16 |     5 |       ||    34
       Distracted        |       |       |     3 |     2 |    11 |    20 |    33 |    32 |       ||   101
       Paralysed         |       |       |       |     7 |     1 |     3 |     9 |     6 |       ||    26
       Confused          |       |       |       |       |       |     1 |       |       |       ||     1
  Eat: Chunk             |    16 |     8 |    46 |    64 |   115 |    85 |   126 |    63 |       ||   523
       Ration            |       |       |     5 |     9 |    13 |    22 |     7 |    13 |     3 ||    72
Armor: Robe              |    66 |    44 |    96 |   104 |   186 |    96 |    86 |       |       ||   678
       Skin              |       |       |       |    25 |       |     8 |       |       |       ||    33
       Shadow dragon sca |       |       |       |       |       |       |    69 |   269 |    54 ||   392
Dodge: Dodged            |    76 |    57 |   198 |   180 |   309 |   344 |   433 |   237 |    41 ||  1875
Block: Shield            |       |       |       |       |   586 |   661 |   631 |       |       ||  1878
       Large shield      |       |       |       |       |       |       |   159 |   826 |   161 ||  1146

Vanquished Creatures
  8 ancient liches (Zot:5)
  A juggernaut (Depths:4)
  An orb of fire (Zot:5)
  Boris (twice) (Depths:4 Vaults:5)
  4 Killer Klowns (Zot:5)
  2 golden dragons
  7 tentacled monstrosities
  2 electric golems (Zot:5)
  3 liches
  An Ice Fiend (IceCv)
  25 Orb Guardians
  A deep elf blademaster (Elf:3)
  Asterion (Depths:3)
  6 titans
  2 deep elf master archers (Elf:3)
  An ancient champion (Crypt:1)
  4 sphinxes
  4 storm dragons
  2 draconian monks
  6 shadow dragons
  A tengu reaver (Vaults:5)
  3 nagarajas
  4 fire giants
  A draconian knight (Zot:4)
  A ghost moth (Zot:3)
  2 revenants
  3 deep elf sorcerers
  6 frost giants
  A draconian shifter (Zot:3)
  An orc warlord (Vaults:5)
  2 draconian scorchers
  2 iron dragons
  8 vault wardens
  3 deep elf elementalists (Elf:3)
  A war gargoyle (Vaults:1)
  2 ghouls
  2 draconian stormcallers
  8 ironheart preservers
  13 stone giants
  10 very ugly things
  A spriggan defender (Depths:4)
  2 entropy weavers
  4 vampire knights (Crypt:3)
  4 green draconians
  3 deep elf demonologists
  A black draconian (Zot:3)
  3 purple draconians
  3 white draconians
  A lorocyproca (D:10)
  3 deep elf annihilators
  2 spark wasps (Depths:1)
  A red draconian (Zot:4)
  A minotaur (Gauntlet)
  7 ettins
  4 deep elf death magi
  7 fire dragons
  A merfolk javelineer (Shoals:4)
  4 eidola
  6 jiangshi (Crypt:3)
  2 merfolk impalers (Shoals:4)
  6 yaktaur captains
  8 great orbs of eyes
  Josephine (D:12)
  A deep elf high priest (Vaults:5)
  A rakshasa (Vaults:2)
  Harold (D:7)
  4 ice dragons
  9 hydras
  2 death knights (Crypt:3)
  8 naga warriors
  9 vault guards
  3 spriggan air magi
  An alligator (shapeshifter) (Vaults:5)
  3 anacondas
  A catoblepas (Lair:5)
  An anaconda (shapeshifter) (Depths:2)
  40 two-headed ogres
  2 alligator snapping turtles (Shoals:4)
  12 ogre magi
  7 deep troll earth magi
  A tengu warrior (Depths:3)
  13 dancing weapons
  3 centaur warriors
  5 deep troll shamans
  3 vampire magi
  An orc high priest (Orc:1)
  5 spriggan berserkers
  A thrashing horror (Abyss:3)
  Urug (Lair:4)
  11 deep elf knights
  Sonja (D:12)
  7 naga sharpshooters
  A shock serpent (Snake:1)
  10 hell knights
  2 shadow wraiths (Crypt:3)
  2 iron trolls
  A soul eater (Crypt:2)
  18 deep trolls
  2 sea snakes
  21 skeletal warriors
  A titan skeleton (Crypt:1)
  2 sixfirhies (D:14)
  6 unseen horrors
  6 deep elf archers
  A spectral hydra (Crypt:3)
  2 glowing orange brains
  2 phantasmal warriors
  A naga ritualist (Snake:2)
  4 flayed ghosts
  A tengu skeleton (Vaults:3)
  2 necromancers (Vaults:3)
  3 wizards
  5 orc knights
  A shadow dragon zombie (Crypt:3)
  3 wolf spiders
  8 ironbrand convokers
  3 mana vipers
  2 orb spiders (shapeshifter)
  8 cyclopes
  An orc sorcerer (Vaults:3)
  A stone giant zombie (D:15)
  8 harpies
  29 ugly things
  26 deep elf magi
  3 fauns
  The ghost of DEFE the Magician, a novice DsWn of Vehumet (D:6)
  3 salamanders
  7 elephants
  7 moths of wrath
  4 manticores (Depths:5)
  A fire giant zombie (Vaults:3)
  A black mamba (shapeshifter) (Depths:2)
  22 black mambas
  A stone giant skeleton (Vaults:3)
  17 vault sentinels
  2 guardian serpents
  2 spectral swamp worms (Depths:3)
  6 naga magi
  5 spiny frogs
  6 large abominations
  A demonic crawler (Zot:2)
  A minotaur zombie (Gauntlet)
  4 komodo dragons
  A swamp worm zombie (Crypt:2)
  2 rime drakes
  6 freezing wraiths
  2 ice devils (IceCv)
  18 yaktaurs
  2 golden dragon simulacra (IceCv)
  2 kobold demonologists
  2 anaconda simulacra (IceCv)
  A purple draconian skeleton (Crypt:1)
  7 merfolk
  A queen bee (D:8)
  A spectral harpy (Crypt:3)
  A jumping spider (Vaults:5)
  2 tengu conjurers
  4 trolls
  A sea snake skeleton (Crypt:2)
  6 polar bears
  A meliai (shapeshifter) (D:15)
  5 hornets
  6 blink frogs (Lair:6)
  2 snapping turtles (Shoals:4)
  A raiju (shapeshifter) (Depths:2)
  2 dream sheep (Lair:6)
  A wolf spider simulacrum (IceCv)
  9 hippogriffs
  A frost giant simulacrum (Vaults:3)
  17 slime creatures
  2 ettin zombies
  A meliai zombie (D:12)
  3 shadows
  11 water elementals
  5 redbacks
  17 spriggans
  28 flying skulls
  10 wraiths
  13 yaks
  2 basilisks
  A wyvern (Lair:3)
  3 fire elementals
  A fire bat (shapeshifter) (Vaults:2)
  2 hungry ghosts
  2 dire elephant simulacra (IceCv)
  A tarantella (shapeshifter) (Depths:3)
  3 golden eyes
  A basilisk (shapeshifter) (Vaults:2)
  8 small abominations (Depths:5)
  A steam dragon (D:11)
  4 vampire mosquitoes (D:14)
  A chaos spawn (Depths:5)
  5 wargs
  A swamp worm (shapeshifter) (Vaults:5)
  2 iron troll simulacra (IceCv)
  A harpy simulacrum (IceCv)
  27 nagas
  A soldier ant (D:10)
  2 acid dragons
  15 water moccasins
  2 hydra simulacra (IceCv)
  7 hell hounds (Depths:5)
  A floating eye (shapeshifter) (Depths:2)
  4 porcupines
  17 orc warriors
  A necrophage (Crypt:2)
  4 ice beasts
  4 black bears
  3 phantoms
  An ettin simulacrum (IceCv)
  10 boggarts
  20 wolves
  24 ogres
  8 centaurs
  10 crocodiles
  A yaktaur zombie (Crypt:2)
  5 big kobolds
  3 elf zombies
  13 bullfrogs
  5 earth elementals
  An elf skeleton (D:5)
  3 scorpions (D:6)
  A water moccasin skeleton (D:9)
  8 wights
  15 killer bees
  2 electric eels (D:6)
  A howler monkey (D:8)
  A crimson imp (Depths:3)
  2 bullfrog zombies
  A lava snake (D:11)
  4 jellies
  7 centaur zombies
  A draconian simulacrum (IceCv)
  2 hounds
  10 orc priests
  2 bullfrog skeletons
  A human zombie (D:5)
  An iron imp (Depths:4)
  2 human skeletons
  Jessica (D:2)
  2 iguanas
  A porcupine zombie (Crypt:2)
  A spriggan simulacrum (IceCv)
  2 troll simulacra (IceCv)
  3 centaur skeletons
  13 orc wizards
  13 worker ants
  2 polar bear simulacra (IceCv)
  A killer bee zombie (D:10)
  2 big kobold zombies (Ossuary)
  A crocodile zombie (Crypt:1)
  A deep dwarf skeleton (Crypt:1)
  2 hound skeletons
  2 mummies (Ossuary)
  A howler monkey skeleton (D:4)
  6 gnolls
  An ogre simulacrum (IceCv)
  10 adders
  A naga simulacrum (IceCv)
  4 shadow imps
  5 white imps (IceCv)
  4 ufetubi (IceCv)
  2 adder zombies (Ossuary)
  A worm (D:2)
  2 dart slugs (D:1)
  A dart slug (shapeshifter) (Vaults:5)
  4 leopard geckos
  54 orcs
  A ball python (D:1)
  A bat skeleton (Crypt:1)
  5 giant cockroaches
  6 goblins
  5 hobgoblins
  17 jackals
  13 kobolds
  3 quokkas
  13 bats
  6 frilled lizards
  A gnoll skeleton (Crypt:2)
  14 hobgoblin zombies (Ossuary)
  A jackal skeleton (D:7)
  4 jackal zombies
  7 kobold zombies (Ossuary)
  3 leopard gecko skeletons
  A leopard gecko zombie (D:6)
  2 orc skeletons (D:5)
  8 orc zombies
  A quokka skeleton (D:6)
  5 rats
  A spectral orc (D:2)
  A fungus (D:6)
  4 plants (Shoals:4)
1418 creatures vanquished.

Vanquished Creatures (collateral kills)
  An orb of fire (Zot:5)
  Sojobo (Crypt:3)
  Saint Roka (Vaults:2)
  A Killer Klown (Zot:2)
  Margery (Depths:3)
  Nikola (Vaults:1)
  3 golden dragons
  A profane servitor (Crypt:3)
  Jory (Crypt:3)
  2 bone dragons
  5 tentacled monstrosities
  2 liches
  4 titans (Vaults:5)
  A kraken (Shoals:3)
  A death cob (Zot:2)
  A deep elf blademaster (Elf:3)
  A sphinx (Depths:4)
  3 storm dragons (Vaults:5)
  2 ancient champions
  6 tengu reavers
  4 nagarajas (Snake:4)
  A frost giant (Vaults:5)
  4 shadow dragons
  A draconian monk (Zot:5)
  3 fire giants
  8 vault wardens
  3 deep elf sorcerers (Elf:3)
  A draconian scorcher (Zot:3)
  2 iron dragons
  2 ghouls (Crypt:2)
  A deep elf elementalist (Elf:3)
  2 orc warlords
  6 ironheart preservers
  A spriggan defender (Depths:3)
  Nessos (D:15)
  10 stone giants
  An entropy weaver (Vaults:5)
  3 green draconians
  9 deep elf demonologists
  3 vampire knights
  11 very ugly things
  4 deep elf annihilators
  3 red draconians
  2 spark wasps (Depths:1)
  Snorg (D:12)
  6 merfolk javelineers
  2 eidola
  8 deep elf death magi
  3 ettins
  2 merfolk impalers (Shoals:4)
  4 deep elf high priests
  12 jiangshi
  5 fire dragons
  Erolcha (D:10)
  A rakshasa (Depths:4)
  2 great orbs of eyes
  8 hydras
  8 yaktaur captains
  9 naga warriors
  30 vault guards
  3 ice dragons
  4 spriggan air magi
  8 centaur warriors
  3 alligator snapping turtles (Shoals:4)
  2 anacondas
  3 merfolk aquamancers (Shoals:3)
  10 satyrs
  2 death knights
  12 dancing weapons
  29 two-headed ogres
  2 merfolk avatars (Shoals:4)
  3 deep troll earth magi
  8 deep troll shamans
  A tengu warrior (Depths:3)
  8 ogre magi
  4 vampire magi
  4 naga sharpshooters
  2 shock serpents
  4 spriggan berserkers
  Nergalle (D:12)
  16 deep elf knights
  4 hell knights (Depths:3)
  17 skeletal warriors
  A sixfirhy (Zot:2)
  17 deep trolls
  3 shadow wraiths
  5 sea snakes
  4 flayed ghosts
  A glowing orange brain (Depths:3)
  An infernal demonspawn (Zot:2)
  4 naga ritualists (Snake:4)
  An entropy weaver zombie (Crypt:1)
  A spriggan druid (Depths:3)
  7 necromancers
  5 phantasmal warriors
  7 ironbrand convokers
  7 orc knights
  14 deep elf archers
  8 harpies
  A wizard (Vaults:2)
  7 mana vipers
  An oklob plant (Shoals:2)
  41 deep elf magi
  3 wolf spiders
  An orb spider (shapeshifter) (Vaults:1)
  A salamander (Snake:4)
  3 orc sorcerers
  A harpy (shapeshifter) (Depths:3)
  18 fauns
  36 ugly things
  A faun (shapeshifter) (Vaults:5)
  A stone giant zombie (Vaults:3)
  A salamander (shapeshifter) (Vaults:1)
  2 cyclopes (shapeshifter)
  5 merfolk sirens
  4 moths of wrath
  A moth of wrath (shapeshifter) (Vaults:5)
  3 manticores
  A cyclops (Vaults:1)
  4 vault sentinels
  A dire elephant zombie (Crypt:1)
  4 guardian serpents
  4 elephants
  4 water nymphs
  21 black mambas
  An ice statue (IceCv)
  7 naga magi
  Joseph (D:7)
  A gargoyle (D:12)
  A spiny frog (Lair:4)
  A spiny frog (shapeshifter) (D:15)
  A hellion (Zot:5)
  A rime drake (Lair:3)
  3 spectral swamp worms (Depths:3)
  A kobold demonologist (D:14)
  An elf zombie (D:15)
  6 centaur skeletons
  2 komodo dragons
  An anaconda simulacrum (IceCv)
  4 freezing wraiths
  A yaktaur (shapeshifter) (Vaults:4)
  12 yaktaurs
  3 ice devils (IceCv)
  3 tengu conjurers
  A human skeleton (Vaults:3)
  14 merfolk
  3 trolls (Orc:2)
  A tengu simulacrum (Vaults:1)
  A polar bear (Lair:6)
  2 blink frogs (Lair:6)
  A merfolk (shapeshifter) (Vaults:1)
  3 wind drakes (Shoals:1)
  A fire dragon zombie (D:15)
  2 hornets (Depths:3)
  A wolf spider simulacrum (D:14)
  A raiju (Abyss:3)
  A slime creature (shapeshifter) (Vaults:5)
  An iron dragon simulacrum (Crypt:3)
  3 hippogriffs
  2 small abominations (Crypt:3)
  4 snapping turtles
  17 slime creatures
  14 spriggans
  31 flying skulls
  An ice dragon skeleton (D:15)
  An air elemental (Elf:1)
  4 shadows
  4 wraiths
  2 redbacks (Vaults:5)
  A wyvern (D:14)
  12 water elementals
  A fire elemental (Elf:1)
  A basilisk (Lair:1)
  4 yaks
  A hungry ghost (D:13)
  2 large abominations
  14 vampire mosquitoes
  5 wargs
  A harpy simulacrum (IceCv)
  38 nagas
  An acid dragon (Vaults:1)
  2 hell hounds (Zot:1)
  3 water moccasins
  A hydra simulacrum (IceCv)
  3 porcupines
  An infernal demonspawn skeleton (Crypt:2)
  A sky beast (D:13)
  17 orc warriors
  2 phantoms
  A black bear (Lair:6)
  33 ogres
  2 boggarts (Vaults:3)
  4 wolves (Lair:6)
  7 centaurs
  5 necrophages
  A human zombie (Vaults:3)
  2 crocodiles
  A snapping turtle skeleton (Crypt:2)
  2 bullfrogs
  9 big kobolds
  An earth elemental (Elf:2)
  A wyvern skeleton (D:14)
  A scorpion (D:6)
  A swamp dragon simulacrum (IceCv)
  3 human simulacra
  15 killer bees
  An electric eel (D:15)
  2 crimson imps (D:7)
  2 centaur zombies
  A hound (D:7)
  5 orc priests
  14 orc wizards
  A worker ant (D:7)
  A spriggan simulacrum (IceCv)
  A centaur simulacrum (IceCv)
  A dwarf skeleton (Crypt:1)
  A gnoll (D:5)
  2 adders
  2 ogre simulacra (IceCv)
  A white imp (IceCv)
  An ufetubus (IceCv)
  53 orcs
  A giant cockroach (D:7)
  3 jackals (D:7)
  6 kobolds
  A jackal skeleton (D:5)
  A kobold zombie (Crypt:2)
  3 crawling corpses
  41 fungi
  235 plants
  6 withered plants (D:15)
1386 creatures vanquished.

Vanquished Creatures (others)
  4 bone dragons
  5 profane servitors
  12 ghouls
  2 Killer Klown zombies (Zot:5)
  17 vampire knights
  An ettin (Vaults:5)
  A fire dragon (Depths:5)
  A spectral elf (Depths:5)
  A titan zombie (Vaults:5)
  A storm dragon zombie (Vaults:5)
  A deep elf knight (Vaults:5)
  10 skeletal warriors
  A titan skeleton (Depths:5)
  10 flayed ghosts
  2 spark wasp zombies (Depths:1)
  A shadow dragon zombie (Depths:4)
  14 phantasmal warriors
  A wolf spider zombie (Vaults:5)
  3 ugly things
  5 ugly thing zombies
  4 stone giant zombies
  A sphinx skeleton (Vaults:1)
  17 human zombies
  A fire giant zombie (Depths:4)
  A frost giant zombie (Vaults:5)
  A fire giant skeleton (Depths:1)
  2 centaur zombies
  A white draconian zombie (Zot:5)
  2 spriggan zombies (Depths:4)
  A purple draconian zombie (Depths:5)
  A yaktaur (Vaults:5)
  An iron troll zombie (Depths:5)
  3 harpy zombies
  A yaktaur skeleton (Vaults:4)
  A ghoul skeleton (Vaults:5)
  4 hydra zombies
  A merfolk (Shoals:4)
  2 harpy skeletons (Shoals:1)
  6 human skeletons
  A moth of wrath zombie (Zot:1)
  2 ice dragon zombies
  3 fire dragon zombies (Depths:5)
  A guardian serpent zombie (Snake:3)
  3 ettin zombies
  10 flying skulls
  5 wraiths
  2 deep troll skeletons
  3 black mamba zombies
  22 vampires
  9 deep troll zombies
  8 two-headed ogre zombies
  8 naga zombies
  2 spiny frog zombies
  17 elf zombies
  A hornet zombie (Lair:6)
  3 merfolk zombies (Shoals:3)
  A dream sheep zombie (Lair:6)
  2 elephant zombies
  An elephant skeleton (Lair:3)
  3 elf skeletons
  6 vampire mosquito zombies (D:14)
  2 rime drake zombies
  A hippogriff zombie (Lair:6)
  7 yaktaur zombies
  2 cyclops zombies
  2 komodo dragon skeletons
  3 hell hound zombies (Depths:5)
  4 water moccasin zombies
  5 tengu zombies
  A queen bee zombie (D:8)
  A cyclops skeleton (Vaults:1)
  2 warg skeletons
  A yak zombie (Lair:2)
  A polar bear zombie (Lair:3)
  A wight (Lair:4)
  A polar bear skeleton (Lair:2)
  9 wolf zombies (Lair:6)
  2 bullfrog zombies
  2 wolf skeletons (Lair:6)
  2 black bear zombies (Lair:6)
  3 centaur skeletons
  2 bullfrog skeletons
  2 porcupine zombies
  8 killer bee zombies
  A porcupine skeleton (Lair:4)
  9 ogre zombies
  A hound zombie (D:7)
  A naga skeleton (Snake:4)
  2 mummies
  2 worker ant zombies
  4 adder zombies
  A gnoll zombie (D:6)
  A gnoll skeleton (D:6)
  A jackal skeleton (D:8)
  4 jackal zombies
  5 orc skeletons
  26 orc zombies
  14 fungi
  193 plants
  12 tentacles
  A withered plant (D:15)
599 creatures vanquished.

Grand Total: 3403 creatures vanquished
